 Dungeon Crawl Stone Soup version 0.31.0-32-g396128a36d (webtiles) character file.

Game seed: 14244250459564486418

9974 creepster the Severer (level 11, -9/104 HPs)
             Began as a Minotaur Fighter on Apr 9, 2024.
             Was a Believer of Lugonu.
             Killed from afar by a molten gargoyle (25 damage)
             ... with a bolt of magma
             ... on level 11 of the Dungeon.
             The game lasted 01:31:25 (7868 turns).

creepster the Severer (Minotaur Fighter)            Turns: 7868, Time: 01:31:25

Health: -9/104     AC: 12    Str: 24      XL:     11   Next: 30%
Magic:  10/10      EV: 11    Int:  8      God:    Lugonu [**....]
Gold:   391        SH: 15    Dex:  9 (11) Spells: 10/10 levels left

rFire   . . .        a - +5 war axe
rCold   . . .        y - +1 tower shield
rNeg    . . .        n - +1 ring mail "Zoohimm" {rElec Will- Int+3 Slay+5}
rPois   .            (helmet restricted)
rElec   +            (no cloak)
rCorr   .            h - +0 pair of gloves
SInv    +            (no boots)
Will    .....        (no amulet) Stlth
                     G - +4 ring of protection
HPRegen 0.37/turn    (no ring)
MPRegen 0.12/turn

%: clarity
@: lethally poisoned (-9 -> -11)
A: horns 2, retaliatory headbutt, see invisible, clarity, deterioration 1,
MP-powered wands
a: Renounce Religion, Depart the Abyss, Banish


You were on level 11 of the Dungeon.
You worshipped Lugonu.
Lugonu was pleased with you.
You visited 1 branch of the dungeon, and saw 11 of its levels.
You visited the Abyss 1 time.

You collected 494 gold pieces.
You spent 103 gold pieces at shops.

Inventory:

Hand Weapons
 a - a +5 war axe (weapon)
 f - a +0 hand axe
 k - the +5 dagger of the Wicked God {freeze, rC+++ rCorr MP-9 Int+4}
   (You found it on level 2 of the Dungeon)

   Int+4:     It affects your intelligence (+4).
   rC+++:     It renders you almost immune to cold.
   MP-9:      It affects your magic capacity (-9).
   rCorr:     It protects you from acid and corrosion.
 l - a +0 whip of venom
 p - a +3 dagger of venom
 t - a +0 arbalest
 u - a +3 dagger of chaos
 x - a +3 heavy flail
 C - a +2 trident of draining
 F - a +0 whip of flaming
 M - a +3 sling of freezing
Missiles
 d - 6 boomerangs
 j - 4 datura-tipped darts
 r - 31 poisoned darts (quivered)
 L - 2 curare-tipped darts
Armour
 b - a +0 scale mail
 c - a +1 buckler
 e - the +2 leather armour of the Blizzard {rPois Dex+3 Stlth+}
   (You found it on level 8 of the Dungeon)

   Dex+3:     It affects your dexterity (+3).
   rPois:     It protects you from poison Stlth+: It makes you more stealthy.
 h - a +0 pair of gloves (worn)
 n - the +1 ring mail "Zoohimm" (worn) {rElec Will- Int+3 Slay+5}
   (You found it on level 3 of the Dungeon)

   Int+3:     It affects your intelligence (+3).
   Slay+5:    It affects your accuracy & damage with ranged weapons and melee
   (+5).
   rElec:     It insulates you from electricity.
   Will-:     It decreases your willpower.
 o - a +0 chain mail
 v - a +0 plate armour
 y - a +1 tower shield (worn)
 D - an orb of mayhem
 K - a +2 robe of fire resistance
 N - a +4 ring mail of poison resistance
Jewellery
 i - a ring of ice
 s - a ring of wizardry
 G - a +4 ring of protection (left hand)
Wands
 g - a wand of flame (7)
 H - a wand of paralysis (13)
 I - a wand of polymorph (7)
Scrolls
 B - 3 scrolls of immolation
 E - a scroll of fog
 J - a scroll of noise
Potions
 m - a potion of attraction
 q - 2 potions of invisibility
 z - a potion of lignification {unknown}
 A - 2 potions of brilliance
 O - a potion of mutation


   Skills:
 * Level 12.0 Fighting
 + Level 16.4 Axes
 + Level 7.2 Armour
 + Level 6.7 Dodging
 * Level 9.9 Shields
 - Level 0.2 Evocations


You had 10 spell levels left.
You didn't know any spells.
Your spell library contained the following spells:

 Spells                   Type           Power      Damage    Failure   Level
 Ensorcelled Hibernation  Hex/Ice        0%         N/A       98%         2
 Passwall                 Erth           0%         N/A       100%        3
 Stone Arrow              Conj/Erth      0%         3d7       100%        3
 Swiftness                Air            0%         N/A       100%        3
 Animate Armour           Summ/Erth      0%         N/A       100%        4
 Lehudib's Crystal Spear  Conj/Erth      0%         10d2      100%        8


Dungeon Overview and Level Annotations

Branches:
Dungeon (11/15)            Temple (0/1) D:6            Lair (0/5) D:8
    Orc (0/2) D:9

Altars:
Dithmenos
Fedhas
Kikubaaqudgha
Sif Muna
Uskayaw
Yredelemnul

Shops:
D:5 =   D:6 *

Annotations:
D:9 Erolcha


Innate Abilities, Weirdness & Mutations

You have a pair of horns on your head.
You reflexively headbutt those who attack you in melee.
You have supernaturally acute eyesight. (SInv)
You possess an exceptional clarity of mind.
Your body sometimes deteriorates upon taking damage.
You expend magic power (3 MP) to strengthen your wands.


Message History

You hit the molten gargoyle but do no damage.
You closely miss the ufetubus. You slash the killer bee!
You kill the killer bee!
Lugonu accepts your kill.
You slash the kobold!
You kill the kobold!
Lugonu accepts your kill.
You feel sick.
The ufetubus hits you but does no damage.
You block the ufetubus's attack. You block the molten gargoyle's attack.
The ufetubus hits you but does no damage.
You block the ufetubus's attack.
You hit the orc warrior.
You kill the orc warrior!
Lugonu accepts your kill.
You slash the ufetubus!
You kill the ufetubus!
The ufetubus disappears in a puff of smoke!
You hit the quasit but do no damage. You barely miss the molten gargoyle.
You slash the molten gargoyle! The quasit barely misses you.
You furiously retaliate!
You headbutt the quasit!
You block the quasit's attack. x2; The molten gargoyle misses you.
You slice the kobold!!
You kill the kobold!
Lugonu accepts your kill.
You hit the kobold demonologist. You hit the quasit.
You slash the molten gargoyle! You closely miss the molten gargoyle.
You feel sick. You block the quasit's attack. The quasit claws you.
The quasit closely misses you.
The molten gargoyle hits you with a +0 mace.
* * * LOW HITPOINT WARNING * * *
You are engulfed in flames!
* * * LOW HITPOINT WARNING * * *
Your body deteriorates!
You feel clumsy.
The molten gargoyle blasts magma at you!
The bolt of magma hits the quasit!!
The quasit partially resists.
The quasit dies!
The quasit disappears in a puff of smoke!
The bolt of magma hits you!!
You die...

....>. ## #
.#........
.#
.......#.##.
..........<
###.......$
..........
#...#.K)#
##....5ยง@#
#...#.999#
##...#.#.##
....#.#.#
#..#.#.#
#..#.#.##
#.......#
#....#..#
#...9####.##


You could see a kobold demonologist, 3 molten gargoyles and an iron imp
(summoned).

Vanquished Creatures
  A boulder beetle (D:9)
  A two-headed ogre (D:10)
  Pikel (D:9)
  A phantasmal warrior (D:11)
  4 elephants (D:8)
  Joseph (D:9)
  An unseen horror (D:7)
  Jeremiah (D:6)
  Psyche (D:8)
  A komodo dragon (D:8)
  2 hornets
  2 shadows
  A wraith (D:8)
  2 steam dragons
  3 vampire mosquitoes (D:8)
  Edmund (D:6)
  2 water moccasins
  An ice beast (D:8)
  3 orc warriors
  A black bear (D:5)
  A centaur (D:9)
  A phantom (D:5)
  6 kobold brigands
  2 lemures (D:9)
  6 bullfrogs
  3 scorpions
  A small abomination (Abyss:1)
  A burial acolyte (D:6)
  5 wights (D:8)
  9 killer bees
  6 howler monkeys
  6 orc priests
  A hound (D:5)
  3 gnoll boudas
  2 jellies (D:6)
  7 iguanas
  12 orc wizards
  3 gnolls (D:7)
  8 adders
  A shadow imp (D:7)
  4 ufetubi (D:7)
  An adder zombie (D:6)
  2 dart slugs (D:5)
  3 ribbon worms
  39 orcs
  4 ball pythons
  6 endoplasms
  4 giant cockroaches
  8 goblins
  7 hobgoblins
  7 jackals
  27 kobolds
  5 quokkas
  4 bats
  3 frilled lizards
  2 jackal zombies (D:6)
  6 rats
247 creatures vanquished.

Vanquished Creatures (collateral kills)
  An ogre (D:6)
  A killer bee (D:7)
  2 orcs (D:8)
  2 kobolds (D:8)
  2 jackal zombies (D:6)
8 creatures vanquished.

Vanquished Creatures (others)
  A bullfrog zombie (D:9)
  2 howler monkey zombies
  A human zombie (D:6)
  A steam dragon zombie (D:8)
  2 iguana zombies (D:6)
  A jelly zombie (D:6)
  A spectral shadow imp (D:7)
  A gnoll zombie (D:7)
  A goblin zombie (D:8)
  8 kobold zombies (D:8)
  11 orc zombies
30 creatures vanquished.

Grand Total: 285 creatures vanquished

Notes
Turn   | Place    | Note
-------+----------+-------------------------------------------
     0 | D:1      | creepster the Minotaur Fighter began the quest for the Orb.
     0 | D:1      | Reached XP level 1. HP: 19/19 MP: 0/0
   512 | D:1      | Reached XP level 2. HP: 27/27 MP: 1/1
   812 | D:2      | Identified the +5 dagger of the Wicked God {freeze, rC+++
                  | rCorr MP-9 Int+4}
   952 | D:2      | Reached XP level 3. HP: 34/34 MP: 2/2
   964 | D:2      | Reached skill level 3 in Axes
  1281 | D:3      | Found a faded altar of an unknown god.
  1309 | D:3      | Identified a scroll of acquirement
  1309 | D:3      | Acquired a manual of Axes
  1454 | D:3      | Reached skill level 1 in Dodging
  1506 | D:3      | Reached skill level 4 in Axes
  1506 | D:3      | Reached XP level 4. HP: 41/41 MP: 3/3
  1531 | D:3      | Identified the +1 ring mail "Zoohimm" {rElec Will- Int+3
                  | Slay+5}
  1945 | D:4      | Reached skill level 5 in Axes
  2087 | D:4      | Reached XP level 5. HP: 47/47 MP: 4/4
  2126 | D:4      | Noticed an orc warrior
  2277 | D:4      | Reached skill level 5 in Fighting
  2361 | D:4      | Reached skill level 6 in Axes
  2443 | D:4      | Reached XP level 6. HP: 56/56 MP: 5/5
  2521 | D:4      | Reached skill level 7 in Axes
  2634 | D:4      | Killed an orc warrior
  2635 | D:4      | Reached skill level 8 in Axes
  2812 | D:4      | Reached XP level 7. HP: 50/61 MP: 6/6
  2903 | D:5      | Entered Level 5 of the Dungeon
  3048 | D:5      | Reached skill level 9 in Axes
  3233 | D:5      | Reached skill level 10 in Axes
  3233 | D:5      | Reached skill level 5 in Armour
  3414 | D:5      | Reached XP level 8. HP: 69/71 MP: 7/7
  3448 | D:5      | Gained mutation: Your body sometimes deteriorates upon
                  | taking damage. [potion of mutation]
  3448 | D:5      | Gained mutation: You have supernaturally acute eyesight.
                  | (SInv) [potion of mutation]
  3448 | D:5      | Gained mutation: You possess an exceptional clarity of
                  | mind. [potion of mutation]
  3448 | D:5      | Gained mutation: You expend magic power (3 MP) to
                  | strengthen your wands. [potion of mutation]
  3552 | D:5      | Found Lauwn's Jewellery Emporium.
  3563 | D:5      | Found a blossoming altar of Fedhas.
  3752 | D:6      | Noticed Edmund
  3761 | D:6      | Killed Edmund
  3762 | D:6      | Reached skill level 11 in Axes
  3770 | D:6      | Found a basalt altar of Yredelemnul.
  3778 | D:6      | Became a worshipper of Yredelemnul the Dark
  3806 | D:6      | Reached * piety under Yredelemnul
  3953 | D:6      | Found a shadowy altar of Dithmenos.
  4017 | D:6      | Found Mutz's Assorted Antiques.
  4023 | D:6      | Bought a tower shield for 103 gold pieces
  4039 | D:6      | Identified the +1 robe "Miqarups" {+Blink Int+4}
  4060 | D:6      | Reached ** piety under Yredelemnul
  4124 | D:6      | Found a staircase to the Ecumenical Temple.
  4141 | D:6      | Reached skill level 12 in Axes
  4149 | D:6      | Reached skill level 5 in Dodging
  4184 | D:6      | Found a hide-covered altar of Uskayaw.
  4184 | D:6      | Noticed a +0 spear
  4184 | D:6      | Noticed a +0 dagger
  4184 | D:6      | Noticed a +0 falchion
  4185 | D:6      | Noticed a +0 dagger
  4185 | D:6      | Noticed a +0 spear
  4185 | D:6      | Noticed a +0 falchion
  4186 | D:6      | Noticed a +0 short sword
  4194 | D:6      | Noticed a +0 short sword
  4319 | D:6      | Found an ancient bone altar of Kikubaaqudgha.
  4374 | D:6      | Noticed Jeremiah
  4406 | D:6      | Killed Jeremiah
  4407 | D:6      | Reached XP level 9. HP: 53/81 MP: 8/8
  4821 | D:7      | Reached skill level 13 in Axes
  4951 | D:7      | Reached skill level 5 in Shields
  5491 | D:7      | Noticed an unseen horror
  5498 | D:7      | Killed an unseen horror
  5499 | D:7      | Reached skill level 14 in Axes
  5512 | D:7      | Reached *** piety under Yredelemnul
  5568 | D:8      | Noticed Psyche
  5599 | D:8      | Found a flagged portal.
  5665 | D:8      | Noticed an elephant
  5677 | D:8      | Noticed an elephant
  5697 | D:8      | Reached XP level 10. HP: 54/91 MP: 9/9
  5742 | D:8      | Identified the +2 leather armour of the Blizzard {rPois
                  | Dex+3 Stlth+}
  5795 | D:8      | Killed Psyche
  5827 | D:8      | Reached skill level 10 in Fighting
  5923 | D:8      | Reached skill level 15 in Axes
  6066 | D:8      | Found a staircase to the Lair.
  6294 | D:8      | Noticed an elephant
  6357 | D:8      | Noticed an elephant
  6372 | D:8      | Killed an elephant
  6526 | D:8      | Killed an elephant
  6608 | D:8      | Killed an elephant
  6741 | D:8      | Killed an elephant
  6742 | D:8      | Reached skill level 16 in Axes
  6760 | D:8      | Found a shimmering blue altar of Sif Muna.
  6890 | D:9      | Noticed Joseph
  6908 | D:9      | Killed Joseph
  6954 | D:9      | Found a staircase to the Orcish Mines.
  6962 | D:9      | Noticed a boulder beetle
  6990 | D:9      | Killed a boulder beetle
  6991 | D:9      | Reached XP level 11. HP: 46/102 MP: 10/10
  7313 | D:9      | Noticed Pikel
  7361 | D:9      | Killed Pikel
  7375 | D:9      | Noticed Erolcha
  7377 | Abyss:1  | Cast into level 1 of the Abyss (Erolcha)
  7435 | Abyss:1  | Noticed a green draconian monk
  7500 | Abyss:1  | Found a corrupted altar of Lugonu.
  7504 | Abyss:1  | Found a corrupted altar of Lugonu.
  7504 | Abyss:1  | Found a corrupted altar of Lugonu.
  7508 | Abyss:1  | Fell from the grace of Yredelemnul
  7508 | Abyss:1  | Became a worshipper of Lugonu the Unformed
  7508 | Abyss:1  | Reached * piety under Lugonu
  7508 | Abyss:1  | Reached ** piety under Lugonu
  7512 | D:9      | Escaped the Abyss
  7515 | D:10     | Entered Level 10 of the Dungeon
  7521 | D:10     | Noticed a two-headed ogre
  7529 | D:10     | Killed a two-headed ogre
  7727 | D:10     | Noticed a phantasmal warrior
  7727 | D:10     | Noticed a skeletal warrior
  7740 | D:11     | Killed a phantasmal warrior
  7868 | D:11     | Killed from afar by a molten gargoyle

Illustrated notes

Levels and vault maps discovered:
D:1:      saegor_arrival_miasma, layout_loops_corners, minmay_pentomino_w2
D:2:      layout_rooms
D:3:      layout_loops_ring, hellmonk_ecumenical_altar_pennies_from_heaven
D:4:      layout_basic, nrook_mini_backslash, minmay_unequal
D:5:      layout_rooms, fedhas_altar_3, serial_shops,
          nicolae_shop_hallway_stairs, minmay_between
D:6:      layout_layer_cave, grunt_dithmenos_smoke_and_mirrors,
          mainiacjoe_overflow_boulevard, nicolae_uskayaw_en_pointe,
          lemuel_zombie_altar_kikubaaqudgha, temple_doors_cd, serial_shops,
          nicolae_shop_crystal, uniq_edmund, uniq_jeremiah
D:7:      minmay_skewed_foursquare, layout_loops_cross, minmay_small_thing
D:8:      wad_woods_tower, layout_basic, led_sif_pool, david_lair_shrubbed,
          enter_bailey_5, nicolae_kite_square_tiling_tiny, st_stairs_14,
          uniq_psyche
D:9:      layout_small_grid, orc_0_dummy, uniq_joseph, uniq_pikel, uniq_erolcha
D:10:     lemuel_castle_with_subvaults [lemuel_castle_interior_carwin_3],
          layout_irregular_city, lightli_temple_of_fire
D:11:     layout_basic, minivault_8, uniq_nergalle

Skill      XL: |  1  2  3  4  5  6  7  8  9 10 11 |
---------------+----------------------------------+-----
Fighting       | 4 5 6 7 9 11 12 | 12.0
Axes           | 4 5 6 8 10 12 14 16 | 16.4
Dodging        | 1 2 4 5 6 |  6.7
Armour         | 4 5 6 7 |  7.2
Shields        | 4 6 9 |  9.9
Evocations     | |  0.2

Action                     |  1- 3 |  4- 6 |  7- 9 | 10-12 || total
---------------------------+-------+-------+-------+-------++-------
  Melee: War axe           |    84 |    62 |   165 |   153 ||   464
         Headbutt          |    13 |     6 |    27 |    29 ||    75
  Throw: Stone             |     3 |       |       |       ||     3
         Dart              |       |     7 |    13 |    10 ||    30
         Javelin           |       |       |     2 |     8 ||    10
         Throwing net      |       |       |       |     3 ||     3
 Invoke: Depart the Abyss  |       |       |       |     1 ||     1
  Evoke: Wand              |       |       |     2 |       ||     2
    Use: Scroll            |     9 |     5 |     7 |     4 ||    25
         Potion            |       |     1 |     4 |     3 ||     8
   Stab: Invisible         |       |       |     3 |       ||     3
         Distracted        |       |       |       |     2 ||     2
 Armour: Scale mail        |    37 |       |       |       ||    37
         Ring mail         |       |    21 |    78 |    85 ||   184
         Chain mail        |       |     1 |       |       ||     1
  Dodge: Dodged            |    27 |    15 |    36 |    43 ||   121
  Block: Buckler           |    24 |     5 |    11 |       ||    40
         Tower shield      |       |       |    81 |   105 ||   186
